 Dungeon Crawl Stone Soup version 0.31-a0-851-g7ff8af7976 (webtiles) character file.

Game seed: 13470689262385021920

21021 BinkBink the Basher (level 12, -7/79 HPs)
             Began as a Gargoyle Fighter on Oct 7, 2023.
             Was the Champion of Lugonu.
             Hit by a large rock thrown by a stone giant (17 damage)
             ... on level 12 of the Dungeon.
             The game lasted 00:22:17 (13276 turns).

BinkBink the Basher (Gargoyle Fighter)             Turns: 13276, Time: 00:22:18

Health: -7/79      AC: 27    Str: 31    XL:     12   Next: 85%
Magic:  0/12       EV:  6    Int:  9    God:    Lugonu [******]
Gold:   1340       SH: 23    Dex: 12    Spells: 11/11 levels left

rFire   . . .        w - +1 mace (spect)
rCold   . . .        o - +7 tower shield
rNeg    + . .        C - +0 plate armour
rPois   ∞            (no helmet)
rElec   +            (no cloak)
rCorr   +            G - +2 pair of gloves
SInv    .            (no boots)
Will    .....        y - amulet "Jafiasy" {Spirit +Blink Dex+3} Stlth
                     i - +6 ring of strength
HPRegen 0.33/turn    c - ring of resist corrosion
MPRegen 0.13/turn

%: guardian spirit
@: no status effects
A: sickness immunity, AC +8, negative energy resistance 1, electricity
resistance, torment resistance 1, petrification resistance
a: Renounce Religion, Evoke Blink, Depart the Abyss, Banish, Corrupt, Enter the
Abyss, Brand Weapon With Distortion


You were on level 12 of the Dungeon.
You worshipped Lugonu.
Lugonu was exalted by your worship.
You visited 2 branches of the dungeon, and saw 15 of its levels.

You collected 1340 gold pieces.

Inventory:

Hand Weapons
 a - a +1 dire flail of holy wrath
 w - a +1 spectral mace (weapon)
Missiles
 l - 2 throwing nets
Armour
 o - a +7 tower shield (worn)
 s - a +0 pair of gloves
 C - a +0 plate armour (worn)
 G - a +2 pair of gloves (worn)
Jewellery
 c - a ring of resist corrosion (right hand)
 i - a +6 ring of strength (left hand)
 y - the amulet "Jafiasy" (around neck) {Spirit +Blink Dex+3}
   (You found it on level 8 of the Dungeon)

   [amulet of guardian spirit]

   Spirit:    It causes incoming damage to be divided between your reserves of
   health and magic.
   Dex+3:     It affects your dexterity (+3).
   +Blink:    It lets you blink.
 D - an amulet of magic regeneration
 E - a ring of fire
 F - a ring of wizardry
Wands
 h - a wand of polymorph (17)
 v - a wand of charming (13)
 I - a wand of flame (3)
Scrolls
 j - 5 scrolls of poison
 q - 2 scrolls of vulnerability
 t - 3 scrolls of noise
 u - 3 scrolls of torment
 A - a scroll of fog
 B - a scroll of amnesia
Potions
 b - a potion of cancellation {unknown}
 d - 4 potions of might
 f - 5 potions of degeneration
 g - 4 potions of curing
 k - 2 potions of brilliance
 m - 2 potions of magic {unknown}
 n - 2 potions of haste {unknown}
 p - a potion of ambrosia {unknown}
 r - 3 potions of berserk rage
 x - a potion of resistance {unknown}
 z - 2 potions of lignification {unknown}
 H - a potion of invisibility {unknown}


   Skills:
 + Level 10.9 Fighting
 * Level 13.5 Maces & Flails
 + Level 10.9 Armour
 + Level 10.9 Shields


You had 11 spell levels left.
You didn't know any spells.
Your spell library contained the following spells:

 Spells                   Type           Power      Damage    Failure   Level
 Shock                    Conj/Air       0%         1d3       100%        1
 Sting                    Tmut/Pois      0%         1d3       100%        1
 Ensorcelled Hibernation  Hex/Ice        0%         N/A       100%        2
 Passwall                 Tmut/Erth      0%         N/A       100%        2
 Poisonous Vapours        Pois/Air       0%         N/A       100%        2
 Wereblood                Tmut           0%         N/A       100%        2
 Ignite Poison            Fire/Tmut/Pois 0%         N/A       100%        3
 Ozocubu's Armour         Ice            0%         N/A       100%        3
 Stone Arrow              Conj/Erth      0%         3d7       100%        3
 Swiftness                Air            0%         N/A       100%        3
 Volatile Blastmotes      Fire/Tloc      0%         2d10      100%        3
 Airstrike                Air            0%         2d(0-16)  100%        4
 Animate Armour           Summ/Erth      0%         N/A       100%        4
 Fulminant Prism          Conj/Hex       0%         3d5       100%        4
 Iskenderun's Mystic Bla  Conj/Tloc      0%         2d3       100%        4
 Olgreb's Toxic Radiance  Pois           0%         N/A       100%        4
 Sticky Flame             Conj/Fire      0%         2d3       100%        4
 Alistair's Intoxication  Tmut/Pois      0%         N/A       100%        5
 Borgnjor's Vile Clutch   Necr/Erth      0%         N/A       100%        5
 Irradiate                Conj/Tmut      0%         3d11      100%        5
 Eringya's Noxious Bog    Tmut/Pois      0%         4d6       100%        6
 Ozocubu's Refrigeration  Ice            0%         4d7       100%        7
 Ignition                 Fire           0%         3d3       100%        8
 Lehudib's Crystal Spear  Conj/Erth      0%         10d2      100%        8


Dungeon Overview and Level Annotations

Branches:
Dungeon (14/15)            Temple (1/1) D:7            Lair (0/5) D:10
    Orc (0/2) D:10
 Vaults: D:13-14

Altars:
Ashenzari
Cheibriados
Dithmenos
Elyvilon
Fedhas
Gozag
Hepliaklqana
Kikubaaqudgha
Makhleb
Nemelex Xobeh
Okawaru
Qazlal
Ru
Sif Muna
Trog
Uskayaw
Vehumet
Wu Jian
Xom
Yredelemnul
Zin
The Shining One
Lugonu

Shops:
D:4 *   D:6 (

Annotations:
D:4 1 runed translucent door, Crazy Yiuf


Innate Abilities, Weirdness & Mutations

You are immune to sickness and miasma.
Your stone body is resilient. (AC +8)
You are immune to poison.
You resist negative energy. (rN+)
You are resistant to electric shocks. (rElec)
You are resistant to unholy torment.
You are immune to petrification.


Message History

* * * LOW HITPOINT WARNING * * *
Reactivating autopickup.
You feel much better. You block the stone giant's attack.
You block the fire giant's attack. You block the shadow's attack.
There's no open space to fill with poison.
You block the shadow's attack.
A deep elf archer comes into view. It is wielding a +4 dagger.
The deep elf archer shouts!
The kobold shouts!
The kobold throws a stone.
You block the stone.
The stone giant attacks as it pursues you!
You block the stone giant's attack.
A tengu warrior and a culicivora come into view.
The tengu warrior is wielding a +2 long sword and wearing a +1 kite shield of cold resistance.
The tengu warrior shouts!
The culicivora's many legs skitter faintly.
The deep elf archer unwields a +4 dagger.
The deep elf archer wields a +0 shortbow.
The deep elf archer shoots an arrow.
The arrow hits you!
The stone giant throws a large rock.
The large rock closely misses you.
You completely miss the culicivora.
Your +1 spectral mace hits the culicivora!
The culicivora bites you.
The shadow slips into darkness.
The shadow flickers and vanishes!
Deactivating autopickup; reactivate with Ctrl-A.
The stone giant throws a large rock.
The large rock hits your +1 spectral mace!!
Your spectral weapon shares its damage with you!
Your +1 spectral mace disappears.
* * * LOW HITPOINT WARNING * * *
You block the culicivora's attack.
The culicivora changes into a spriggan!
The spriggan changes into an entropy weaver!
The stone giant throws a large rock.
You block the large rock.
The stone giant throws a large rock.
The large rock hits you!!
* * * LOW HITPOINT WARNING * * *
The stone giant throws a large rock.
The large rock hits you but does no damage.
The stone giant throws a large rock.
The large rock hits you!!
You die...

###...........# #...# .
..............# #+##.....##
..............# ##..+.....'.
.........>....# #BQ.# #.
..............# ##C#.## ##.
..............# ###..#..#####..
..............#####....##QCB.B..K
####.....<....#.........##.......
#..#####.....@......#.####....
#..# #...#.................. #..#
#...#####.............. #..#
#...# ###.....#####.. #..# #...#
##...## ##. #..# #...# ...# #.
#..# #...# #..' .'. #..# #...# ##
.## #..#####...#


You could see a stone giant and a tengu warrior.

Vanquished Creatures
  3 centaur warriors
  A boulder beetle (D:11)
  Erica (D:11)
  2 two-headed ogres
  Lodul (D:12)
  A wizard (D:10)
  A deep elf pyromancer (D:12)
  4 ugly things
  A cyclops (D:12)
  A kobold demonologist (D:12)
  7 trolls
  A centaur simulacrum (D:10)
  4 slime creatures
  2 wraiths
  A wyvern (D:10)
  3 shadows
  Eustachio (D:3)
  13 yaks
  2 steam dragons
  9 vampire mosquitoes
  Edmund (D:4)
  An acid dragon (D:9)
  3 water moccasins
  Duvessa (D:6)
  6 orc warriors
  A sky beast (D:8)
  9 ogres
  A black bear (D:5)
  2 ice beasts
  5 centaurs
  2 phantoms (D:6)
  4 kobold brigands
  Blork the orc (D:3)
  A bullfrog (D:8)
  A gnoll sergeant (D:10)
  5 scorpions
  10 wights
  Dowan (D:6)
  8 killer bees
  7 howler monkeys
  5 jellies
  12 orc priests
  4 hounds
  5 iguanas
  4 sleepcaps
  16 orc wizards
  4 gnolls (D:10)
  11 adders
  A shadow imp (D:6)
  2 white imps
  4 worms
  6 dart slugs
  56 orcs
  9 bats
  5 endoplasms
  A giant cockroach (D:4)
  8 goblins
  9 hobgoblins
  4 jackals (D:1)
  23 kobolds
  5 quokkas
  9 ball pythons
  A frilled lizard (D:1)
  7 rats
340 creatures vanquished.

Vanquished Creatures (others)
  5 spectral weapons
5 creatures vanquished.

Grand Total: 345 creatures vanquished

Notes
Turn   | Place    | Note
-------+----------+-------------------------------------------
     0 | D:1      | BinkBink the Gargoyle Fighter began the quest for the Orb.
     0 | D:1      | Reached XP level 1. HP: 14/14 MP: 1/1
    91 | D:1      | Reached XP level 2. HP: 19/19 MP: 2/2
   256 | D:1      | Found a faded altar of an unknown god.
   265 | D:1      | Prayed at the altar of an unknown god.
   265 | D:1      | Became a worshipper of Lugonu the Unformed
   265 | D:1      | Reached * piety under Lugonu
   302 | D:1      | Reached XP level 3. HP: 19/23 MP: 3/3
  1205 | D:2      | Reached skill level 3 in Maces & Flails
  1251 | D:2      | Reached XP level 4. HP: 29/29 MP: 4/4
  1349 | D:2      | Reached ** piety under Lugonu
  1598 | D:2      | Reached XP level 5. HP: 32/33 MP: 5/5
  2029 | D:3      | Noticed a water moccasin
  2045 | D:3      | Killed a water moccasin
  2046 | D:3      | Reached skill level 4 in Maces & Flails
  2046 | D:3      | Reached XP level 6. HP: 33/39 MP: 6/6
  2400 | D:4      | Noticed Blork the orc
  2530 | D:3      | Killed Blork the orc
  2730 | D:4      | Noticed Eustachio
  3024 | D:3      | Killed Eustachio
  3025 | D:3      | Reached skill level 5 in Maces & Flails
  3025 | D:3      | Reached XP level 7. HP: 44/44 MP: 7/7
  3050 | D:4      | Reached skill level 5 in Armour
  3279 | D:4      | Found Fekaplya's General Store.
  3311 | D:4      | Noticed Edmund
  3313 | D:4      | Reached skill level 5 in Fighting
  3313 | D:4      | Reached skill level 5 in Shields
  3342 | D:4      | Killed Edmund
  3478 | D:4      | Reached *** piety under Lugonu
  3626 | D:4      | Found a runed translucent door.
  3627 | D:4      | Noticed Crazy Yiuf
  4131 | D:5      | Entered Level 5 of the Dungeon
  4184 | D:5      | Reached XP level 8. HP: 28/49 MP: 8/8
  4290 | D:5      | Reached skill level 6 in Maces & Flails
  4615 | D:5      | Found a shimmering altar of Xom.
  4852 | D:6      | Noticed Dowan
  4853 | D:6      | Noticed Duvessa
  4876 | D:6      | Killed Duvessa
  4877 | D:6      | Reached skill level 7 in Maces & Flails
  4891 | D:6      | Killed Dowan
  5019 | D:6      | Reached XP level 9. HP: 26/56 MP: 9/9
  5220 | D:6      | Reached **** piety under Lugonu
  5249 | D:6      | Reached skill level 8 in Maces & Flails
  5747 | D:6      | Found Udukk's Antique Weapon Emporium.
  5803 | D:6      | Found a hide-covered altar of Uskayaw.
  5804 | D:6      | Found a hazy altar of Hepliaklqana.
  6367 | D:7      | Reached skill level 9 in Maces & Flails
  6370 | D:7      | Reached XP level 10. HP: 44/63 MP: 10/10
  6508 | D:7      | Found a staircase to the Ecumenical Temple.
  6527 | D:7      | Reached ***** piety under Lugonu
  6531 | Temple   | Entered the Ecumenical Temple
  6600 | D:7      | Found a white marble altar of Elyvilon.
  7766 | D:7      | Reached skill level 10 in Maces & Flails
  8045 | D:8      | Identified the amulet "Jafiasy" {Spirit +Blink Dex+3}
  8197 | D:9      | Noticed a two-headed ogre
  8222 | D:9      | Killed a two-headed ogre
  8749 | D:9      | Reached XP level 11. HP: 66/69 MP: 9/11
  9250 | D:9      | Found a glowing golden altar of the Shining One.
  9253 | D:9      | Found a basalt altar of Yredelemnul.
  9254 | D:9      | Found an ancient bone altar of Kikubaaqudgha.
  9255 | D:9      | Found a bloodstained altar of Trog.
  9459 | D:10     | Entered Level 10 of the Dungeon
  9487 | D:10     | Found a staircase to the Orcish Mines.
  9664 | D:10     | Reached skill level 11 in Maces & Flails
  9682 | D:10     | Found a staircase to the Lair.
  9726 | D:10     | Found a sacrificial altar of Ru.
 10033 | D:10     | Noticed a two-headed ogre
 10034 | D:10     | Noticed a wizard
 10064 | D:10     | Killed a two-headed ogre
 10087 | D:10     | Killed a wizard
 10128 | D:10     | Reached ****** piety under Lugonu
 10955 | D:11     | Noticed a boulder beetle
 11000 | D:11     | Killed a boulder beetle
 11163 | D:11     | Noticed Erica
 11163 | D:11     | Noticed a green ugly thing
 11177 | D:11     | Killed a green ugly thing
 11199 | D:11     | Killed Erica
 11200 | D:11     | Reached skill level 12 in Maces & Flails
 11599 | D:12     | Reached skill level 10 in Armour
 11599 | D:12     | Reached XP level 12. HP: 67/77 MP: 9/12
 11765 | D:12     | Noticed a sun demon
 11786 | D:11     | Reached skill level 10 in Shields
 11812 | D:12     | Reached skill level 10 in Fighting
 11813 | D:12     | Identified the +3 ring mail "Vockuggo" {rF+ Str-4 Int+3}
 11951 | D:12     | Noticed Lodul
 11970 | D:12     | Killed Lodul
 12275 | D:12     | You fall into a shaft and drop 2 floors!
 12471 | D:14     | Noticed a centaur warrior
 12486 | D:14     | Killed a centaur warrior
 12487 | D:14     | Reached skill level 13 in Maces & Flails
 12704 | D:14     | Noticed a thrashing horror
 12705 | D:14     | Noticed a white very ugly thing
 12705 | D:14     | Noticed a thrashing horror
 12706 | D:14     | Noticed a thrashing horror
 12707 | D:14     | Found a corrupted altar of Lugonu.
 12707 | D:14     | Noticed a thrashing horror
 12804 | D:14     | Noticed a centaur warrior
 12815 | D:14     | Killed a centaur warrior
 12949 | D:13     | Noticed a centaur warrior
 12957 | D:13     | Killed a centaur warrior
 13232 | D:12     | Noticed a stone giant
 13250 | D:12     | Noticed a fire giant
 13259 | D:12     | Noticed a tengu warrior
 13264 | D:12     | a spriggan changed into an entropy weaver
 13264 | D:12     | Noticed an entropy weaver (glowing shapeshifter)
 13276 | D:12     | Hit by a large rock thrown by a stone giant

Illustrated notes

Levels and vault maps discovered:
D:1:      elethiomel_arrival_shortcut, layout_basic,
          ebering_ecumenical_altar_webs
D:2:      layout_rooms, minmay_increasing_density
D:3:      layout_rooms
D:4:      layout_basic, serial_shops, nicolae_shop_advertising_works
          [nicolae_subvault_shop_adworks], minmay_gold_behind_fungi,
          uniq_edmund, uniq_blork_the_orc, uniq_crazy_yiuf_cottage,
          uniq_eustachio
D:5:      layout_basic, lemuel_tele_altar
D:6:      hangedman_cross_stitches, layout_basic, nicolae_overflow_squiral,
          serial_shops, shop, uniq_duvessa
D:7:      layout_cave_pods, elyvilon_altar_1, minmay_temple_entry_large_hall
D:8:      layout_cave_pools
D:9:      layout_basic, minitemple
D:10:     kennysheep_blocky_room, layout_grid_maze, lemuel_doored_altar,
          hiddenorc2_lemuel
D:11:     layout_roguey, uniq_erica
D:12:     minmay_box_of_curves, layout_irregular_city, minivault_16, uniq_lodul
D:13:     layout_basic, hangedman_vaults_entry_quadrant_bands,
          palyth_stone_intersect, uniq_kirke
D:14:     gammafunk_corrupted_shrine, layout_loops_ring, special_room
          [special_room_mythical_zoo], minmay_misc_feat_nine_boxes,
          kennysheep_generic_room_4
Temple:   oiseaux_autumnal_temple

Skill      XL: |  1  2  3  4  5  6  7  8  9 10 11 12 |
---------------+-------------------------------------+-----
Maces & Flails | 3 4 5 7 9 10 12 13 | 13.5
Armour         | 4 5 6 7 8 10 | 10.9
Fighting       | 4 5 6 7 8 9 10 | 10.9
Shields        | 4 5 6 7 8 9 10 | 10.9

Action                     |  1- 3 |  4- 6 |  7- 9 | 10-12 || total
---------------------------+-------+-------+-------+-------++-------
  Melee: Flail             |   128 |   240 |    24 |       ||   392
         Mace              |       |       |   355 |   783 ||  1138
    Use: Scroll            |       |       |    14 |    11 ||    25
         Potion            |       |       |     4 |     3 ||     7
   Stab: Distracted        |       |       |     3 |    10 ||    13
 Armour: Scale mail        |   111 |   214 |   188 |   192 ||   705
         Plate armour      |       |       |       |   177 ||   177
  Dodge: Dodged            |    72 |   112 |    67 |   128 ||   379
  Block: Buckler           |    30 |    28 |       |       ||    58
         Tower shield      |       |   193 |   257 |   730 ||  1180

Table legend: (Time is in decaauts)
 A = Elapsed time spent in this place.
 B = Non-inter-level travel time spent in this place.
 C = Inter-level travel time spent in this place.
 D = Time resting spent in this place.
 E = Time spent auto-exploring this place.
 F = Levels seen in this place.
 G = Mean time per level.
                   A        B        C        D        E       F      G
               +--------+--------+--------+--------+--------+-----+--------+
         Total |  13502 |  12935 |    567 |    499 |   9524 |  15 |  900.1 |
       Dungeon |  13501 |  12934 |    567 |    499 |   9524 |  14 |  964.4 |
        Temple |      1 |      1 |      0 |      0 |      0 |   1 |    1.0 |
               +--------+--------+--------+--------+--------+-----+--------+

Top non-repeatable levels by time:
     D:6: 1354 daAuts
    D:10: 1329 daAuts
     D:4: 1285 daAuts
     D:9: 1277 daAuts
     D:1: 1124 daAuts
     D:7: 1094 daAuts
    D:11: 1039 daAuts
     D:3: 1038 daAuts
     D:8: 951 daAuts
     D:2: 842 daAuts
    D:12: 741 daAuts
     D:5: 737 daAuts
    D:14: 656 daAuts
    D:13: 27 daAuts
  Temple: 1 daAuts
